 Dungeon Crawl Stone Soup version 0.31.0-32-g396128a36d (webtiles) character file.

Game seed: 16218122705490001019

166 TombstoneGhost the Trooper (level 5, -4/47 HPs)
             Began as a Minotaur Berserker on Mar 15, 2024.
             Was a Believer of Trog.
             Succumbed to a kobold's poison
             ... on level 3 of the Dungeon.
             The game lasted 00:04:33 (1723 turns).

TombstoneGhost the Trooper (Minotaur Berserker)     Turns: 1723, Time: 00:04:33

Health: -4/47      AC: 19    Str: 23    XL:     5   Next: 22%
Magic:  4/4        EV:  7    Int:  4    God:    Trog [**....]
Gold:   194        SH:  0    Dex: 10    Spells: 4/4 levels left

rFire   + . .        a - +0 hand axe
rCold   . . .        (no shield)
rNeg    . . .        j - +3 plate armour
rPois   .            (helmet restricted)
rElec   .            k - +0 cloak
rCorr   .            (no gloves)
SInv    .            c - +2 pair of boots
Will    .....        (no amulet) Stlth
                     s - ring of protection from fire
HPRegen 0.27/turn    (no ring)
MPRegen 0.09/turn

%: no passive effects
@: lethally poisoned (-4 -> -41)
A: horns 2, retaliatory headbutt
a: Renounce Religion, Berserk, Trog's Hand


You were on level 3 of the Dungeon.
You worshipped Trog.
Trog was pleased with you.
You visited 1 branch of the dungeon, and saw 3 of its levels.

You collected 194 gold pieces.

Inventory:

Hand Weapons
 a - a +0 hand axe (weapon)
Armour
 b - a +0 animal skin
 c - a +2 pair of boots (worn)
 j - a +3 plate armour (worn)
 k - a +0 cloak (worn)
Jewellery
 s - a ring of protection from fire (left hand)
Scrolls
 g - 2 scrolls of noise {unknown}
 h - a scroll of enchant armour {unknown}
 i - a scroll of brand weapon {unknown}
 l - a scroll of vulnerability {unknown}
 n - a scroll of poison {unknown}
 o - a scroll of enchant weapon {unknown}
 p - a scroll of identify {unknown}
 q - a scroll of fear {unknown}
 r - a scroll of teleportation {unknown}
Potions
 d - 2 potions of curing {unknown}
 e - 2 potions of enlightenment {unknown}
 f - a potion of invisibility {unknown}
 m - a potion of brilliance {unknown}


   Skills:
 + Level 4.7 Fighting
 + Level 4.7 Axes
 + Level 3.8 Armour
 + Level 3.5 Dodging


You had 4 spell levels left.
You didn't know any spells.
Your spell library was empty.

Dungeon Overview and Level Annotations

Branches:
Dungeon (3/15)

Altars:

Shops:
D:3 ?


Innate Abilities, Weirdness & Mutations

You have a pair of horns on your head.
You reflexively headbutt those who attack you in melee.


Message History

You closely miss the kobold. Your headbutt misses the kobold.
The kobold hits you but does no damage.
You are poisoned.
You hit the kobold but do no damage.
You feel very sick.
The kobold hits you with a +1 dagger of venom.
You are more poisoned.
You hit the kobold.
The kobold is moderately wounded.
You feel very sick. The kobold hits you but does no damage.
You are more poisoned.
You hit the kobold but do no damage.
The kobold is moderately wounded.
You feel very sick.
The kobold hits you with a +1 dagger of venom.
You are lethally poisoned!
You completely miss the kobold.
The kobold is moderately wounded.
You feel extremely sick. The kobold hits you but does no damage.
You are more poisoned.
You are too injured to fight recklessly!
You are too injured to fight recklessly!
You barely miss the kobold.
The kobold is moderately wounded.
You feel extremely sick.
The kobold hits you with a +1 dagger of venom.
* * * LOW HITPOINT WARNING * * *
You are more poisoned.
You closely miss the kobold. Your headbutt misses the kobold.
The kobold is moderately wounded.
* * * LOW HITPOINT WARNING * * *
You feel extremely sick. The kobold hits you but does no damage.
You are more poisoned.
You closely miss the kobold. You headbutt the kobold.
You kill the kobold!
Trog accepts your kill.
You die...

#........~~. ..
#.........~ #
..##......... #
........... ##
##.≈.≈.... .### ..≈.≈...
...#### #≈.≈#)#####~#
##....######≈≈≈#@.......
....)............†......
##†...#######...#.......
..)####..######.#.......
.###.........<..........
## #.#...........#####..
# #........###..# . #
##....#........
#.#.#....#....#


There were no monsters in sight!

Vanquished Creatures
  An ogre (D:2)
  2 adders (D:2)
  An adder zombie (D:2)
  A dart slug (D:1)
  2 ribbon worms (D:2)
  7 bats
  3 endoplasms
  3 giant cockroaches
  5 goblins
  4 hobgoblins
  8 kobolds
  3 quokkas
  7 ball pythons
  A ball python skeleton (D:2)
  4 frilled lizards
  3 rats
55 creatures vanquished.

Notes
Turn   | Place    | Note
-------+----------+-------------------------------------------
     0 | D:1      | TombstoneGhost the Minotaur Berserker began the quest for
                  | the Orb.
     0 | D:1      | Reached XP level 1. HP: 19/19 MP: 0/0
    35 | D:1      | Reached XP level 2. HP: 27/27 MP: 1/1
   313 | D:1      | Found a faded altar of an unknown god.
   445 | D:1      | Reached XP level 3. HP: 33/33 MP: 2/2
   488 | D:1      | Reached ** piety under Trog
   726 | D:2      | Noticed an ogre
   732 | D:2      | Killed an ogre
   733 | D:2      | Reached XP level 4. HP: 6/41 MP: 3/3
   982 | D:2      | Reached XP level 5. HP: 47/47 MP: 4/4
  1593 | D:3      | Found Qenopry's Magic Scroll Emporium.
  1723 | D:3      | Succumbed to a kobold's poison

Illustrated notes

Levels and vault maps discovered:
D:1:      minmay_arrival_pointy, layout_rooms,
          dreamdust_ecumenical_altar_angels_and_demons, minmay_door_square
D:2:      layout_basic, serial_undead, serial_undead_e, serial_undead_c,
          serial_undead_f, serial_undead_f
D:3:      minmay_general_purpose_star, layout_rooms, serial_rivers,
          chequers_serial_rivers_small_a, chequers_serial_rivers_large_a,
          chequers_serial_rivers_micro_d, chequers_serial_rivers_small_a,
          chequers_serial_rivers_micro_a, serial_shops, nicolae_shop_stone,
          hex_large

Skill      XL: |  1  2  3 |
---------------+----------+-----
Fighting       | 4 |  4.7
Axes           | 4 |  4.7
Armour         | 3 |  3.8
Dodging        | 3 |  3.5

Action                     |  1- 3 |  4- 6 || total
---------------------------+-------+-------++-------
  Melee: Hand axe          |    51 |    70 ||   121
         Headbutt          |     6 |     8 ||    14
         Punch             |       |     2 ||     2
 Invoke: Berserk           |     1 |     1 ||     2
 Armour: Animal skin       |    38 |       ||    38
         Plate armour      |     2 |    71 ||    73
  Dodge: Dodged            |    48 |    16 ||    64
